 Dungeon Crawl Stone Soup version 0.29-a0-330-g52719c12eb (webtiles) character file.

Game seed: 10811699772594781370

51 funkygono the Firebug (level 3, -1/19 HPs)
             Began as a Gargoyle Fire Elementalist on May 4, 2022.
             Slain by an orc
             ... wielding a +0 mace
              (7 damage)
             ... on level 3 of the Dungeon.
             The game lasted 00:02:19 (2444 turns).

funkygono the Firebug (Gargoyle Fire Elementalist)  Turns: 2444, Time: 00:02:19

Health: -1/19      AC:  5    Str: 11    XL:     3   Next: 83%
Magic:  5/7        EV: 12    Int: 17    God:
Gold:   64         SH:  0    Dex: 10    Spells: 4/7 levels left

rFire   . . .      SeeInvis .   e - +0 club
rCold   + . .      Faith    .   (no shield)
rNeg    + . .      Spirit   .   a - +0 robe
rPois   ∞          Reflect  .   (no helmet)
rElec   +          Harm     .   (no cloak)
rCorr   .          Rampage  .   (no gloves)
Will    .....                   (no boots)
Stlth   ++........              (no amulet)
HPRegen 0.06/turn               d - ring of protection from cold
MPRegen 0.10/turn               (no ring)

@: no status effects
A: sickness immunity, AC +3, negative energy resistance 1, electricity
resistance, torment resistance 1, petrification resistance
a: no special abilities


You were on level 3 of the Dungeon.
You visited 1 branch of the dungeon, and saw 3 of its levels.

You collected 64 gold pieces.

Inventory:

Hand Weapons
 e - a +0 club (weapon)
Missiles
 k - 74 stones
Armour
 a - a +0 robe (worn)
Jewellery
 d - a ring of protection from cold (left hand)
Scrolls
 h - a scroll of vulnerability {unknown}
 l - 2 scrolls of noise {unknown}
 m - a scroll of fear {unknown}
 n - a scroll of blinking {unknown}
 o - a scroll of teleportation {unknown}
 p - 2 scrolls of identify {unknown}
Potions
 b - a potion of magic
 c - a potion of degeneration {unknown}
 f - a potion of berserk rage {unknown}
 g - a potion of mutation {unknown}
 i - 2 potions of invisibility {unknown}
 j - a potion of curing {unknown}


   Skills:
 + Level 1.6 Dodging
 - Level 2.1 Stealth
 + Level 2.8 Spellcasting
 + Level 1.4 Conjurations
 + Level 3.9 Fire Magic


You had 4 spell levels left.
You knew the following spells:

 Your Spells              Type           Power      Damage    Failure   Level
a - Foxfire               Conj/Fire      44%        2x1d6     6%          1
b - Scorch                Fire           30%        2d7       5%          2

Your spell library contained the following spells:

 Spells                   Type           Power      Damage    Failure   Level
 Conjure Flame            Conj/Fire      11%        6-21      19%         3
 Inner Flame              Hex/Fire       9%         N/A       24%         3
 Flame Wave               Conj/Fire      11%        2d5       52%         4


Dungeon Overview and Level Annotations

Branches:
Dungeon (3/15)

Altars:
Yredelemnul


Innate Abilities, Weirdness & Mutations

You are immune to sickness and miasma.
Your stone body is resilient. (AC +3)
You are immune to poison.
You resist negative energy. (rN+)
You are resistant to electric shocks. (rElec)
You are resistant to unholy torment.
You are immune to petrification.


Message History

You now have 64 gold pieces (gained 8).
Found an escape hatch in the ceiling.
p - a scroll labelled LETOAKLILAI
There is an escape hatch in the ceiling here.
Found a ring mail.
You see here a +0 ring mail.
p - 2 scrolls labelled LETOAKLILAI (gained 1)
You open the door. 3 orcs and a rat come into view.
An orc is wielding a +2 vorpal mace.
The orc shouts! x2; You hear a shout!
A rat comes into view.
The orc moves out of view.
An orc comes into view. It is wielding a +0 club.
Casting: Foxfire (safe; 6% risk of failure)
Confirm with . or Enter, or press ? or * to list all spells.
You conjure some foxfire!
The foxfire hits the orc but does no damage. x2
Casting: Foxfire (safe; 6% risk of failure)
Confirm with . or Enter, or press ? or * to list all spells.
You conjure some foxfire!
The foxfire hits the orc.
The orc is lightly wounded.
The foxfire hits the orc but does no damage.
The orc is lightly wounded.
Casting: Foxfire (safe; 6% risk of failure)
Confirm with . or Enter, or press ? or * to list all spells.
You conjure some foxfire!
The orc barely misses you.
Unknown command.
You hit the orc but do no damage.
The foxfire hits the orc.
The orc is heavily wounded.
The orc misses you.
You hit the orc but do no damage.
The orc is heavily wounded.
The orc hits you with a +0 mace.
You completely miss the orc.
The orc is heavily wounded.
The orc hits you with a +0 mace. The orc hits you with a +0 mace.
The orc attacks as you move away! The orc hits you with a +0 mace.
The orc attacks as you move away! The orc hits you with a +0 mace!
You die... #.....# #.###.# #.# #.# ####### #.# #'# #.....# #o# .oo

#.###.# #o#..... #.#
#.# #r#....o. #.#
#.###.#....... #.#
#..@o.#......r.
#.#########.........
#......[..#
#########.# #...#
.##############.###
............<...#
#####..#########
#...###


You could see an orc.

Vanquished Creatures
  An adder (D:2)
  A worm (D:2)
  A dart slug (D:1)
  4 endoplasms
  5 giant cockroaches
  3 goblins
  6 hobgoblins
  A quokka (D:1)
  2 ball pythons (D:1)
  A bat (D:1)
  2 frilled lizards
  2 kobolds (D:2)
  6 rats
35 creatures vanquished.

Vanquished Creatures (others)
  90 foxfires
90 creatures vanquished.

Grand Total: 125 creatures vanquished

Notes
Turn   | Place    | Note
-------+----------+-------------------------------------------
     0 | D:1      | funkygono the Gargoyle Fire Elementalist began the quest
                  | for the Orb.
     0 | D:1      | Reached XP level 1. HP: 10/10 MP: 3/3
   300 | D:1      | Reached XP level 2. HP: 15/15 MP: 3/5
   303 | D:1      | Learned a level 2 spell: Scorch
  1207 | D:1      | Reached XP level 3. HP: 19/19 MP: 1/6
  2318 | D:3      | Found a basalt altar of Yredelemnul.
  2444 | D:3      | Slain by an orc

Illustrated notes

Levels and vault maps discovered:
D:1:      nicolae_arrival_somewhat_less_tricky_arrival, layout_loops_corners,
          serial_rivers, chequers_serial_rivers_marsh,
          chequers_serial_rivers_room_a, chequers_serial_rivers_room_b,
          chequers_serial_rivers_large_a, chequers_serial_rivers_small_b,
          chequers_serial_rivers_micro_d, chequers_serial_rivers_large_b
D:2:      layout_loops_ring
D:3:      layout_basic, yredelemnul_altar_generic, bloody_makhleb,
          hellmonk_ecumenical_altar_pennies_from_heaven,
          minmay_misc_feat_four_crosses, uniq_grinder

Action                   || total
-------------------------++-------
Melee: Club              ||    14
       Punch             ||     1
 Cast: Foxfire           ||    54
       Scorch            ||     7
Armor: Robe              ||     3
Dodge: Dodged            ||    16

Table legend: (Time is in decaauts)
 A = Elapsed time spent in this place.
 B = Non-inter-level travel time spent in this place.
 C = Inter-level travel time spent in this place.
 D = Time resting spent in this place.
 E = Time spent auto-exploring this place.
 F = Levels seen in this place.
 G = Mean time per level.
                   A        B        C        D        E       F      G
               +--------+--------+--------+--------+--------+-----+--------+
         Total |   2490 |   2445 |     45 |      0 |   2193 |   3 |  830.0 |
       Dungeon |   2490 |   2445 |     45 |      0 |   2193 |   3 |  830.0 |
               +--------+--------+--------+--------+--------+-----+--------+

Top non-repeatable levels by time:
     D:1: 1609 daAuts
     D:2: 741 daAuts
     D:3: 140 daAuts
